 Dungeon Crawl Stone Soup version 0.21-a0-442-g848f44b (webtiles) character file.

32 slep the Skirmisher (level 3, 0/30 HPs)
             Began as a Demonspawn Wanderer on Nov 14, 2017.
             Slain by an adder (1 damage)
             ... on level 2 of the Dungeon.
             The game lasted 00:03:32 (909 turns).

slep the Skirmisher (Demonspawn Wanderer)            Turns: 909, Time: 00:03:33

Health: 0/30       AC:  2    Str: 12    XL:     3   Next: 8%
Magic:  3/3        EV: 12    Int: 17    God:
Gold:   96         SH:  0    Dex:  9    Spells: 2/2 levels left

rFire    + . .     SeeInvis .   a - +2 dagger
rCold    + . .     Gourm    .   (no shield)
rNeg     . . .     Faith    .   g - +0 robe (curse)
rPois    +         Spirit   .   (no helmet)
rElec    +         Reflect  .   (no cloak)
rCorr    +         Harm     .   (no gloves)
MR       .....                  (no boots)
Stlth    ++........             (no amulet)
HPRegen  0.10/turn              k - ring of stealth
MPRegen  0.08/turn              (no ring)

@: lethally poisoned (0 -> -9), resistant
A: hooves 1, powered by death 1
a: no special abilities


You were on level 2 of the Dungeon.
You were not hungry.

You visited 1 branch of the dungeon, and saw 2 of its levels.

You collected 96 gold pieces.

Inventory:

Hand Weapons
 a - a +2 dagger (weapon)
 d - a +0 falchion
Armour
 e - a +0 robe
 g - a cursed +0 robe (worn)
Jewellery
 k - a ring of stealth (left hand)
Scrolls
 h - 2 scrolls of teleportation {unknown}
 i - a scroll of remove curse {unknown}
 j - a scroll of random uselessness {unknown}
 l - a scroll of identify {unknown}
Potions
 b - a potion of berserk rage
 c - a potion of lignification
 n - a potion of mutation {unknown}
Comestibles
 f - 2 bread rations


   Skills:
 + Level 3.6 Fighting
 + Level 0.4(1.3) Short Blades
 + Level 2.0(2.1) Long Blades
 + Level 2.0 Dodging
 + Level 2.0 Stealth
   Level 1.0 Evocations


You had 2 spell levels left.
You didn't know any spells.

Dungeon Overview and Level Annotations

Branches:
Dungeon (2/15)

Altars:


Innate Abilities, Weirdness & Mutations

You have large cloven feet.
You regenerate a little health from kills.


Message History

* * * LOW HITPOINT WARNING * * *
You miss the adder. You kick the adder.
The adder is almost dead.
The adder closely misses you.
You closely miss the adder. Your kick misses the adder.
The adder is almost dead.
* * * LOW HITPOINT WARNING * * *
You feel sick. The adder bites you.
* * * LOW HITPOINT WARNING * * *
You are more poisoned.
The adder poisons you! The adder bites you.
* * * LOW HITPOINT WARNING * * *
You closely miss the adder.
The adder is almost dead.
* * * LOW HITPOINT WARNING * * *
You feel sick. The adder barely misses you.
It was a potion of resistance.
You feel protected. The adder bites you.
You die...

...........#
...........# .
...........##..
#.#####.#......
...............
#.#####.##.##..
#.#.#..b.......
####.#.#.#S#..#...
.....#.#.#@#.##.#.
......#.#........
.................
#######.#)###.#####
..........# .#
.##.###.#####+##
...............#
..###..........#
...............#


You could see an adder and a bat.

Vanquished Creatures
  An ooze (D:1)
  2 dart slugs (D:1)
  2 leopard geckos (D:1)
  2 giant cockroaches (D:1)
  A goblin (D:1)
  4 hobgoblins
  2 jackals (D:1)
  A bat (D:1)
  3 frilled lizards (D:1)
  A kobold (D:1)
  2 rats (D:1)
21 creatures vanquished.

Notes
Turn   | Place    | Note
-------+----------+-------------------------------------------
     0 | D:1      | slep the Demonspawn Wanderer began the quest for the Orb.
     0 | D:1      | slep set off with: a +2 dagger, a potion of berserk rage, a potion of lignification, a +0 falchion, a +0 robe, a bread ration
     0 | D:1      | Reached XP level 1. HP: 18/18 MP: 1/1
   136 | D:1      | Gained mutation: You have large cloven feet. [demonic ancestry]
   136 | D:1      | Reached XP level 2. HP: 18/24 MP: 2/2
   634 | D:1      | Gained mutation: You regenerate a little health from kills. [demonic ancestry]
   634 | D:1      | Reached XP level 3. HP: 19/29 MP: 3/3
   907 | D:2      | HP: 1/30 [adder (1)]
   909 | D:2      | Slain by an adder

Vault maps used:
D:1:      dpeg_arrival_pits
D:2:      overflow_temple_1_default

Skill      XL: |  1  2  3 |
---------------+----------+-----
Long Blades    | 2 |  2.0
Dodging        | 2 |  2.0
Stealth        | 2 |  2.0
Fighting       | |  3.6
Short Blades   | |  0.4
Evocations     | |  1.0

Action                   || total
-------------------------++-------
Melee: Dagger            ||    86
       Kick              ||    10
  Use: Potion            ||     1
 Stab: Sleeping          ||     3
Armor: Robe              ||    13
Dodge: Dodged            ||    60

Table legend:
 A = Spawn XP
 B = Non-spawn XP
 C = Spawn XP percentage of total XP
 D = Spawn monster count
 E = Non-spawn monster count
 F = Spawn count percentage of total count
 G = Total turns spent on level
                    A         B        C        D         E        F      G
               +---------+---------+-------+---------+---------+-------+---------
         Total |       0 |      46 |   0.0 |       0 |      21 |   0.0 |   909
               +---------+---------+-------+---------+---------+-------+---------
           D:1 |       0 |      44 |   0.0 |       0 |      20 |   0.0 |   817
           D:2 |       0 |       2 |   0.0 |       0 |       1 |   0.0 |    92
               +---------+---------+-------+---------+---------+-------+---------
